 Dungeon Crawl Stone Soup version 0.29-a0-870-g2c972031a6 (webtiles) character file.

Game seed: 16356123173317631489

33660 AmberJosephineTwo the Artisan of Death (level 14, 0/105 HPs)
             Began as a Meteoran Ice Elementalist on July 17, 2022.
             Was a Priest of Kikubaaqudgha.
             Splashed by a goliath frog's acid (8 damage)
             ... called by a spriggan druid
             ... on level 2 of the Swamp.
             The game lasted 00:49:02 (6947 turns).

AmberJosephineTwo the Artisan of Death (MeIE)       Turns: 6947, Time: 00:49:03

Health: 0/105      AC:  9    Str:  9    XL:     14   Next: 42%
Magic:  8/35       EV: 16    Int: 23    God:    Kikubaaqudgha [***...]
Gold:   165        SH:  0    Dex: 21    Spells: 10/45 levels left

rFire   + . .      SeeInvis .   b - +9 war axe "Vyb Souc" {vamp, rPois rC+ rN+}
rCold   + . .      Faith    .   (no shield)
rNeg    + . .      Spirit   .   g - +0 robe
rPois   +          Reflect  .   C - +1 helmet
rElec   .          Harm     .   q - +1 cloak
rCorr   .          Rampage  .   v - +2 pair of gloves
Will    +....                   (no boots)
Stlth   ++........              (no amulet)
HPRegen 0.27/turn               j - ring of protection from fire
MPRegen 0.24/turn               l - +6 ring of dexterity

@: death channelling, very slightly contaminated, hasted, glowing, very quick
A: sense surroundings 2, otherworldly, glowing, explore regen
a: Renounce Religion, Unearth Wretches


You were on level 2 of the Swamp.
You worshipped Kikubaaqudgha.
Kikubaaqudgha was most pleased with you.
You visited 5 branches of the dungeon, and saw 20 of its levels.
You also visited: Bailey.

You collected 645 gold pieces.
You spent 480 gold pieces at shops.

Inventory:

Hand Weapons
 b - the +9 war axe "Vyb Souc" (weapon) {vamp, rPois rC+ rN+}
   (You found it on level 10 of the Dungeon)

   It occasionally heals its wielder for a portion of the damage dealt when it
   wounds a living foe.
   rC:        It protects you from cold.
   rPois:     It protects you from poison.
   rN:        It protects you from negative energy.
 i - a +0 dagger
 z - a +2 war axe of electrocution
 J - a +1 quarterstaff of draining
 Q - the +7 spear "Embalmer" {speed, Int+3 Dex-2 Stlth+}
   (You found it on level 9 of the Dungeon)

   Attacks with this weapon are significantly faster.
   Int:       It affects your intelligence (+3).
   Dex:       It affects your dexterity (-2).
   Stlth:     It makes you more stealthy.
Missiles
 I - 2 throwing nets {!f}
Armour
 d - a +0 helmet
 f - a +1 pair of gloves
 g - a +0 robe (worn)
 n - the +5 plate armour of Terror {Dex+4}
   (You found it on level 4 of the Dungeon)

   Dex:       It affects your dexterity (+4).
 q - a +1 cloak (worn)
 v - a +2 pair of gloves (worn)
 C - a +1 helmet (worn)
Magical Staves
 a - a staff of death
 E - a staff of fire
Jewellery
 j - a ring of protection from fire (left hand)
 l - a +6 ring of dexterity (right hand)
 K - a ring of flight
Wands
 x - a wand of paralysis (3)
 D - a wand of polymorph (6)
 F - a wand of mindburst (10)
 L - a wand of light (1)
 N - a wand of digging (11)
Scrolls
 e - 6 scrolls of fog {!r}
 m - 2 scrolls of identify {!r}
 o - 2 scrolls of enchant armour {!r}
 p - 3 scrolls of poison {!r}
 y - 2 scrolls of torment {!r}
 B - 4 scrolls of noise {!r}
 R - 2 scrolls of teleportation {!r}
Potions
 c - a potion of curing {!q}
 h - 2 potions of lignification {!q}
 k - 6 potions of might {!q}
 r - a potion of degeneration {!q}
 s - 2 potions of attraction {!q}
 t - a potion of haste {!q}
 u - 3 potions of brilliance {!q}
 w - 2 potions of flight {!q}
 A - a potion of invisibility {!q}
 G - 2 potions of mutation {!q}
 H - a potion of cancellation {!q}
 M - 4 potions of magic {!q}
Miscellaneous
 P - a tin of tremorstones (2/2)


   Skills:
 + Level 4.3 Fighting
 - Level 3.5(4.5) Polearms
 - Level 4.3(4.9) Staves
 + Level 5.5 Dodging
 - Level 5.0 Stealth
 - Level 16.0 Spellcasting
 - Level 16.3 Necromancy
 - Level 4.0 Translocations
 - Level 7.8 Ice Magic
 - Level 4.0 Earth Magic


You had 10 spell levels left.
You knew the following spells:

 Your Spells              Type           Power      Damage    Failure   Level
a - Freeze                Ice            100%       1d11      1%          1
b - Frozen Ramparts       Ice            100%       1d12      1%          3
c - Ozocubu's Armour      Ice            53%        N/A       1%          3
d - Blink                 Tloc           72%        N/A       1%          2
e - Animate Dead          Necr           76%        N/A       1%          4
f - Borgnjor's Vile Clut  Necr/Erth      30%        N/A       1%          5
g - Sublimation of Blood  Necr           76%        N/A       0%          2
h - Vampiric Draining     Necr           76%        2d11      0%          3
i - Simulacrum            Ice/Necr       32%        N/A       3%          6
j - Death Channel         Necr           38%        N/A       1%          6

Your spell library contained the following spells:

 Spells                   Type           Power      Damage    Failure   Level
 Necrotise                Necr           100%       1d9       0%          1
 Lesser Beckoning         Tloc           36%        N/A       1%          3
 Anguish                  Hex/Necr       27%        N/A       1%          4
 Dispel Undead            Necr           76%        3d25      1%          4
 Agony                    Necr           76%        N/A       1%          5
 Hailstorm                Conj/Ice       36%        3d9       6%          4
 Petrify                  Tmut/Erth      27%        N/A       13%         4
 Lee's Rapid Deconstruct  Erth           18%        3d12*     16%         5
 Manifold Assault         Tloc           36%        N/A       16%         5
 Irradiate                Conj/Tmut      9%         3d14      63%         5


Dungeon Overview and Level Annotations

Branches:
Dungeon (12/15) Zot: 1659  Temple (1/1) D:6 Zot: 577    Lair (4/5) D:10 Zot: 1633
  Swamp (2/4) Lair:3 Zot: 946     Orc (1/2) D:12 Zot: 498  Bailey (visited)
  Snake: Lair:2-3    Spider: Lair:2-3     Slime: Lair:4-5

Altars:
Ashenzari
Dithmenos
Elyvilon
Fedhas
Gozag
Hepliaklqana
Kikubaaqudgha
Makhleb
Okawaru
Qazlal
Sif Muna
Trog
Vehumet
Wu Jian
Xom
Yredelemnul
The Shining One

Shops:
D:10 *   D:11 :

Annotations:
D:3 exclusion: 2 downstairs
D:8 exclusion: upstairs
D:11 exclusion: downstairs


Innate Abilities, Weirdness & Mutations

You passively map the area around you.
You are easily found by Zot.
You glow in the dark.
You regain HP and MP as you explore.


Message History

The vampire mosquito bites you but does no damage.
The spriggan druid hits you but does no damage.
Your spectral spriggan rider barely misses the vampire mosquito.
Your spectral goliath frog completely misses the spriggan druid.
Your spectral swamp drake bites the swamp worm.
Your spectral spriggan air mage hits the spriggan druid.
Your spectral spriggan rider barely misses the swamp worm.
You hit the spriggan druid.
You feel better.
The spriggan druid is severely wounded.
You slash the swamp worm!
You feel better.
You hit the vampire mosquito. x2
The zombie hands constrict the spriggan druid!
With its final breath, the spriggan druid offers up its power to the beasts of the wild!
The swamp worm is healed. x2
The swamp worm seems to grow more fierce. x3
The goliath frog seems to grow more fierce.
You kill the spriggan druid!
Kikubaaqudgha accepts your kill.
A freezing mist starts to gather...
You hear a splash. x2
The vampire mosquito bites your spectral swamp drake.
A freezing mist starts to gather... x3; A glowing mist starts to gather...
The vampire mosquito bites your spectral swamp drake!
The vampire mosquito misses you.
The swamp worm bites you but does no damage.
The vampire mosquito is engulfed in freezing vapours.
The vampire mosquito barely misses you.
The vampire mosquito barely misses your spectral swamp drake.
The vampire mosquito bites your spectral swamp drake but does no damage.
The swamp worm bites your spectral swamp drake!
Your spectral goliath frog hits the vampire mosquito!!
The swamp worm fires a harpoon shot at you.
The harpoon shot hits your death drake simulacrum!
The vampire mosquito bites you but does no damage.
The swamp worm bites you!!
* * * LOW HITPOINT WARNING * * *
The goliath frog hits you from afar!!
* * * LOW HITPOINT WARNING * * *
You are splashed with acid!
You die...
Kikubaaqudgha rasps: "You have failed me!
Welcome... death!"

* * * * ♣♣♣≈≈ §♣ * ♣♣≈.≈≈
≈.♣♣ , ≈ * ♣.≈≈≈≈, .≈♣♣ ,
≈..≈≈≈≈♣♣≈.≈♣♣♣ < , * , ,
,≈.≈≈≈....≈≈...♣ * , ,
≈≈......≈Z≈≈§.♣♣ ≈
≈w≈.../ZZ≈≈≈≈≈§♣ ** ,, ≈ ,
♣...Z≈Z@Z≈≈≈... * ≈≈ ..*
♣♣..≈Zyyw≈≈≈... ≈
≈.♣♣♣..≈Z≈ZZyF≈≈..≈ ≈≈≈ ,
≈≈ ≈.≈♣.≈≈≈§§Zyw≈≈.>.≈
≈≈≈≈≈ ≈
≈....≈≈≈§§§§§...§≈♣≈≈≈≈≈≈≈≈
,
.≈≈.≈≈§§§§§§§≈≈≈≈♣,≈≈≈≈≈§≈≈
≈≈≈≈≈≈≈..F§§§♣♣♣♣♣♣ $.≈w≈≈≈
≈ ≈
≈≈≈≈≈........≈♣♣♣♣♣...≈≈§≈,
§≈§...≈≈≈≈≈...y≈≈≈..≈.≈♣ ≈


You could see a goliath frog (strong), 3 swamp worms, 4 vampire mosquitoes, a
friendly spectral swamp drake, a friendly spectral death drake, a friendly
spectral spriggan druid, 2 friendly spectral spriggan riders, a friendly
spectral spriggan air mage, a friendly spectral goliath frog, a friendly death
drake simulacrum and 3 friendly spriggan druid simulacra.

Vanquished Creatures
  2 two-headed ogres (D:9)
  A spriggan druid (Swamp:2)
  A cyclops (D:11)
  9 cane toads
  2 rime drakes
  3 komodo dragons
  A polar bear (Lair:3)
  2 blink frogs (Lair:2)
  6 dream sheep (Lair:2)
  A vampire (D:11)
  3 shadows
  2 wyverns
  2 basilisks
  11 yaks
  A steam dragon (Lair:2)
  A two-headed ogre zombie (D:12)
  2 wargs (Orc:1)
  Edmund (D:4)
  An acid dragon (D:11)
  12 water moccasins
  7 orc warriors
  An ice beast (D:8)
  2 ogres
  2 centaurs (D:7)
  A wolf (Lair:2)
  A lemure (D:8)
  9 bullfrogs
  A gnoll sergeant (D:9)
  3 scorpions
  3 wights (D:7)
  2 troll zombies
  A howler monkey (D:5)
  2 hounds
  6 orc priests
  3 gnoll boudas
  An iguana (D:6)
  Natasha (thrice) (D:4)
  10 orc wizards
  5 ogre zombies (D:12)
  Robin (D:4)
  18 gnolls
  6 adders
  A shadow imp (D:7)
  2 white imps
  An ufetubus (D:7)
  2 worms
  3 dart slugs
  37 orcs
  4 endoplasms
  4 giant cockroaches
  6 hobgoblins
  2 jackals (D:3)
  3 quokkas
  5 ball pythons
  A bat (D:3)
  2 frilled lizards
  14 goblins
  3 goblin skeletons (D:12)
  3 goblin zombies (D:12)
  2 hobgoblin skeletons (D:12)
  2 hobgoblin zombies (D:12)
  4 kobolds
  12 orc zombies
  6 rats
271 creatures vanquished.

Vanquished Creatures (collateral kills)
  A fenstrider witch (Swamp:1)
  The ghost of Liloh the Black Belt, an adept HuMo of Trog (Swamp:1)
  A bunyip (Swamp:1)
  6 hydras (Swamp:1)
  3 alligators (Swamp:1)
  2 goliath frogs (Swamp:1)
  2 swamp dragons (Swamp:1)
  9 elephants
  5 cane toads
  A komodo dragon (Lair:1)
  A tyrant leech (Swamp:1)
  7 blink frogs
  A shadow (D:12)
  5 yaks
  7 swamp worms (Swamp:1)
  2 swamp drakes (Swamp:1)
  6 bullfrogs
  A gnoll (D:9)
  3 orcs (Orc:1)
  A goblin zombie (D:12)
  3 orc zombies
  A fungus (Lair:2)
69 creatures vanquished.

Vanquished Creatures (others)
  2 fenstrider witches (Swamp:1)
  An eleionoma (Swamp:1)
  3 hydras
  A boulder beetle (Lair:2)
  3 spriggan air magi
  2 alligators (Swamp:1)
  3 spriggans
  A spriggan berserker (Swamp:1)
  3 death drakes
  A goliath frog (Swamp:2)
  A spriggan druid (Swamp:1)
  A cane toad (Lair:2)
  A komodo dragon (Lair:2)
  3 trolls
  3 hornets
  A blink frog (Lair:2)
  A yak (Lair:2)
  A basilisk (Lair:2)
  2 cane toad zombies
  An orc warrior (Orc:1)
  A black bear (D:9)
  A swamp drake (Swamp:2)
  2 blink frog zombies (Lair:2)
  A water moccasin zombie (Lair:1)
  2 yak zombies (Lair:1)
  A troll zombie (D:12)
  2 warg zombies (Orc:1)
  2 bullfrog zombies (Lair:1)
  A black bear zombie (D:9)
  An adder zombie (D:9)
  10 orc zombies
  A dart slug (D:9)
  3 gnoll zombies (D:9)
  A goblin (D:12)
  A goblin zombie (D:12)
  9 fungi
  13 plants
87 creatures vanquished.

Grand Total: 427 creatures vanquished

Notes
Turn   | Place    | Note
-------+----------+-------------------------------------------
     0 | D:1      | AmberJosephineTwo the Meteoran Ice Elementalist began the
                  | quest for the Orb.
     0 | D:1      | Reached XP level 1. HP: 14/14 MP: 5/5
    52 | D:1      | Reached XP level 2. HP: 20/20 MP: 3/6
    92 | D:2      | Reached XP level 3. HP: 26/26 MP: 4/8
    98 | D:2      | Learned a level 3 spell: Frozen Ramparts
   290 | D:3      | Found an iron altar of Okawaru.
   294 | D:3      | Reached XP level 4. HP: 26/33 MP: 4/10
   408 | D:3      | Reached skill level 5 in Ice Magic
   428 | D:4      | Noticed Natasha
   432 | D:4      | Reached XP level 5. HP: 27/38 MP: 5/12
   434 | D:4      | Killed Natasha
   438 | D:4      | Noticed Natasha
   691 | D:3      | Found a faded altar of an unknown god.
   717 | D:3      | Reached XP level 6. HP: 37/45 MP: 8/13
   725 | D:4      | Noticed Edmund
   725 | D:4      | Noticed an ogre
   726 | D:4      | Noticed Robin
   998 | D:4      | Killed an ogre
  1478 | D:4      | Reached skill level 5 in Spellcasting
  1483 | D:4      | Reached XP level 7. HP: 45/50 MP: 11/15
  1486 | D:4      | Killed Natasha
  1507 | D:4      | Killed Robin
  1590 | D:4      | Noticed Natasha
  1631 | D:4      | Identified the +5 plate armour of Terror {Dex+4}
  1677 | D:4      | Killed Edmund
  1678 | D:4      | Killed Natasha
  1686 | D:4      | Learned a level 3 spell: Ozocubu's Armour
  1745 | D:5      | Entered Level 5 of the Dungeon
  1859 | D:5      | Noticed a water moccasin
  1871 | D:5      | Killed a water moccasin
  1872 | D:5      | Reached XP level 8. HP: 57/57 MP: 13/18
  2241 | D:6      | Found a radiant altar of Vehumet.
  2397 | D:6      | Noticed a two-headed ogre
  2449 | D:8      | Found a flagged portal.
  2458 | Bailey   | Entered a bailey
  2549 | Bailey   | Reached skill level 15 in Spellcasting
  2549 | Bailey   | Gained mutation: You passively map the area around you.
                  | [Meteoran growth]
  2549 | Bailey   | Reached XP level 9. HP: 62/62 MP: 19/29
  2553 | Bailey   | Learned a level 2 spell: Blink
  2688 | D:8      | Reached XP level 10. HP: 69/69 MP: 27/30
  2809 | D:7      | Reached skill level 5 in Stealth
  2863 | D:7      | Reached skill level 1 in Staves
  2863 | D:7      | Reached skill level 1 in Translocations
  3506 | D:6      | Found a staircase to the Ecumenical Temple.
  3515 | Temple   | Entered the Ecumenical Temple
  3526 | Temple   | Became a worshipper of Kikubaaqudgha
  3574 | D:6      | Found a stormy altar of Qazlal.
  3674 | D:8      | Found a white marble altar of Elyvilon.
  3683 | D:8      | Ni
  3847 | D:9      | Noticed a two-headed ogre
  3868 | D:9      | Reached skill level 1 in Necromancy
  3871 | D:9      | Killed a two-headed ogre
  3872 | D:9      | Reached XP level 11. HP: 49/74 MP: 23/32
  4014 | D:9      | Reached * piety under Kikubaaqudgha
  4014 | D:9      | Received a gift from Kikubaaqudgha
  4015 | D:9      | Ok.
  4041 | D:9      | Learned a level 4 spell: Animate Dead
  4116 | D:9      | Reached skill level 5 in Necromancy
  4172 | D:9      | Identified the +7 spear "Embalmer" {speed, Int+3 Dex-2
                  | Stlth+}
  4185 | D:9      | Noticed a two-headed ogre
  4197 | D:9      | Killed a two-headed ogre
  4224 | D:10     | Entered Level 10 of the Dungeon
  4293 | D:10     | Found a broken altar of Ashenzari.
  4299 | D:10     | Identified the +9 war axe "Vyb Souc" {vamp, rPois rC+ rN+}
  4379 | D:10     | Found Hiremik's Elemental Accessories.
  4599 | D:11     | Found Qufag's Book Emporium.
  4742 | D:11     | Noticed a two-headed ogre
  4799 | D:12     | Found a staircase to the Orcish Mines.
  4827 | D:12     | Reached skill level 1 in Polearms
  5476 | Orc:1    | Entered Level 1 of the Orcish Mines
  5637 | D:11     | Bought the Treatise on Vile Terra Firma for 480 gold pieces
  5643 | D:11     | Learned a level 5 spell: Borgnjor's Vile Clutch
  5712 | D:11     | l
  5734 | D:11     | Noticed a cyclops
  5740 | D:11     | Killed a cyclops
  5741 | D:11     | Reached skill level 1 in Earth Magic
  5742 | D:11     | Reached ** piety under Kikubaaqudgha
  5930 | D:10     | Found a staircase to the Lair.
  5937 | Lair:1   | Entered Level 1 of the Lair of Beasts
  5948 | Lair:1   | Reached XP level 12. HP: 58/81 MP: 21/33
  6005 | Lair:1   | Learned a level 2 spell: Sublimation of Blood
  6009 | Lair:1   | Learned a level 3 spell: Vampiric Draining
  6115 | Lair:2   | You fall into a shaft and drop 2 floors!
  6136 | Lair:4   | Reached skill level 10 in Necromancy
  6400 | Lair:2   | Reached XP level 13. HP: 75/86 MP: 34/34
  6454 | Lair:2   | Reached *** piety under Kikubaaqudgha
  6454 | Lair:2   | Received a gift from Kikubaaqudgha
  6485 | Lair:2   | Learned a level 6 spell: Simulacrum
  6492 | Lair:2   | Learned a level 6 spell: Death Channel
  6557 | Lair:2   | Noticed a six-headed hydra
  6704 | Lair:3   | Reached skill level 15 in Necromancy
  6710 | Lair:3   | Found a staircase to the Swamp.
  6719 | Swamp:1  | Entered Level 1 of the Swamp
  6742 | Swamp:1  | Found a runed translucent door.
  6742 | Swamp:1  | Noticed Liloh's ghost (adept HuMo)
  6759 | Swamp:1  | Killed Liloh's ghost
  6786 | Swamp:1  | Noticed an alligator
  6788 | Swamp:1  | Noticed an eleionoma
  6788 | Swamp:1  | Noticed a fenstrider witch
  6810 | Swamp:1  | Killed an alligator
  6812 | Swamp:1  | Noticed a bunyip
  6814 | Swamp:1  | Noticed a spriggan air mage
  6814 | Swamp:1  | Noticed an alligator
  6817 | Swamp:1  | Killed a bunyip
  6821 | Swamp:1  | Killed an alligator
  6824 | Swamp:1  | Reached XP level 14. HP: 19/93 MP: 19/35
  6858 | Swamp:1  | Reached skill level 1 in Fighting
  6882 | Swamp:1  | Noticed a fenstrider witch
  6886 | Swamp:1  | Killed a fenstrider witch
  6895 | Swamp:1  | Reached skill level 5 in Dodging
  6947 | Swamp:2  | Splashed by a goliath frog's acid

Illustrated notes

, *,,
.##.....#....## ,
*#.#.....##..... ,,
* ,, #..............
, * *
#..........#..# , ,
#...###........ , *
##.#.....(<.....
#####....##..#......
#......#.###.......#
*
#.♣@####..#.##.#####
#...# #..##*### *
*#._.# #..# * * *
......,,...# * ,
,....♣.. ..## * ,
,....#....# * * * *
, , ...####### * , *
,..# * * , , * ,


Turn 3683 on D:8: Ni #.# ,, #.# ##.#### #)# *....... #######)### .......,
*..........# *...Y... , ..........# ......., , ..........# ....... *
..........#####†l..... ..........'.@Y.†.$.... , *..........#####.......
*########### ....... ,* #######* * Turn 4015 on D:9: Ok. ####.###.#....
#.......#.... #.#.......... #.#.......... #.#.......... #.#.#####.... #.#.#
##.... ########.#.####..... #..@.....#......#..# #.################.. # *,, ,
### * * , ,, * * * , , , , , , # * , , **#. , ,,, #.# * , * ** #.. Turn 5712 on
D:11: l

Levels and vault maps discovered:
D:1:      scummos_arrival_checkerplants, layout_loops_cross, hex_tiny,
          serial_bayou_pond_b, st_stairs_11, minivault_4
D:2:      layout_rooms, serial_shops, shop
D:3:      layout_loops_corners, okawaru_metal_pillars_1_2,
          dilly_ecumenical_altar_fadedgnrine, minmay_misc_feat_alley,
          chequers_mini_garden, uniq_sigmund
D:4:      layout_gridville, item_on_display_a, uniq_edmund, uniq_natasha,
          uniq_robin
D:5:      layout_basic
D:6:      layout_layer_cave, mainiacjoe_overflow_catwalk_spiral,
          minmay_temple_entry_nine_rooms, hangedman_decor_slide_cut,
          serial_bayou_lake_a
D:7:      layout_cave_pools, kennysheep_dice
D:8:      layout_layer_cave, mainiacjoe_overflow_tiny_flanked, enter_bailey_2,
          uniq_pikel
D:9:      layout_roguey, nemelex_altar_shiori
D:10:     minmay_wavy_crystal, layout_basic, old_standard_altar,
          lair_entry_dummy, nicolae_elemental_shop, st_stairs_11,
          minmay_joined_circles
D:11:     minmay_the_grid_triangle_9x9_rhombus_full
          [minmay_the_grid_triangle_9x9_corrupted_corridor,
          minmay_the_grid_triangle_9x9_thin_v,
          minmay_the_grid_triangle_9x9_limited_checkers,
          minmay_the_grid_triangle_9x9_steps,
          minmay_the_grid_triangle_9x9_minimal,
          minmay_the_grid_triangle_9x9_intruding_spiral,
          minmay_the_grid_triangle_9x9_corruption,
          minmay_the_grid_triangle_9x9_prize_top_heavy], layout_basic,
          serial_shops, shop, portal_ice_cave_entry_pillars_2
D:12:     layout_grid_maze, zombieorc2_lemuel, serial_shops, nicolae_shop_trees
Temple:   lightli_temple_of_artemis
Lair:1:   layout_hall_layers, gammafunk_ghost_arena, grunt_megastairs_1
Lair:2:   dpeg_oklob_gauntlet, layout_chaotic_city, gauntlet_entry_generic,
          beast_lair_carwin_8
Lair:3:   regret_index_combs_of_tragedy, layout_cave_pods, swamp_mist_pool,
          dummy_spider_entry, lemuel_fruit_tree, lemuel_fruit_fields
Lair:4:   layout_roguey, minmay_slime_entry_oklob_enclosed, forest_entry_grove,
          serial_bayou_shore_a
Swamp:1:  layout_basic_swamp, hellmonk_ghost_happy_afterlife,
          nicolae_swamp_round_clearing, swamp_pool4, st_swamp_ruins_2
Swamp:2:  layout_basic_swamp, evilmike_swamp_ruin_rubble_2
Orc:1:    layout_caves

Skill      XL: |  1  2  3  4  5  6  7  8  9 10 11 12 13 14 |
---------------+-------------------------------------------+-----
Spellcasting   | 3 4 5 6 15 16 | 16.0
Stealth        | 2 3 4 5 |  5.0
Ice Magic      | 5 6 7 |  7.8
Staves         | 4 |  4.3
Translocations | 4 |  4.0
Necromancy     | 3 8 12 15 16 | 16.3
Polearms       | 3 |  3.5
Earth Magic    | 2 4 |  4.0
Fighting       | 4 |  4.3
Dodging        | 5 |  5.5

Action                   |  1- 3 |  4- 6 |  7- 9 | 10-12 | 13-15 || total
-------------------------+-------+-------+-------+-------+-------++-------
Melee: Dagger            |     2 |       |       |       |       ||     2
       Quarterstaff      |       |     4 |    20 |    88 |       ||   112
       War axe           |       |    17 |    21 |       |     1 ||    39
       Spear             |       |       |       |   230 |       ||   230
       Punch             |       |       |       |     4 |       ||     4
       Staff             |       |       |       |    22 |    27 ||    49
 Cast: Freeze            |    36 |    22 |    34 |    32 |       ||   124
       Frozen Ramparts   |       |     6 |    15 |    42 |     2 ||    65
       Ozocubu's Armour  |       |       |     1 |    17 |     1 ||    19
       Animate Dead      |       |       |       |    18 |     3 ||    21
       Borgnjor's Vile C |       |       |       |    25 |     6 ||    31
       Vampiric Draining |       |       |       |     3 |     2 ||     5
       Sublimation of Bl |       |       |       |     2 |       ||     2
       Blink             |       |       |       |     1 |       ||     1
       Simulacrum        |       |       |       |       |    20 ||    20
       Death Channel     |       |       |       |       |     5 ||     5
Invok: Unearth Wretches  |       |       |       |     5 |     7 ||    12
Evoke: Wand              |       |       |       |    21 |     1 ||    22
       Tin of tremorston |       |       |       |     1 |       ||     1
  Use: Scroll            |       |     3 |     7 |    15 |     3 ||    28
       Potion            |       |       |     1 |     7 |     1 ||     9
 Stab: Paralysed         |       |       |       |     7 |     1 ||     8
       Distracted        |       |       |       |     4 |     1 ||     5
       Invisible         |       |       |       |     2 |       ||     2
       Sleeping          |       |       |       |     2 |       ||     2
Armor: Robe              |     5 |    17 |    36 |   114 |    24 ||   196
       Skin              |       |       |       |    36 |       ||    36
Dodge: Dodged            |    11 |    40 |    61 |   148 |    41 ||   301

Table legend: (Time is in decaauts)
 A = Elapsed time spent in this place.
 B = Non-inter-level travel time spent in this place.
 C = Inter-level travel time spent in this place.
 D = Time resting spent in this place.
 E = Time spent auto-exploring this place.
 F = Levels seen in this place.
 G = Mean time per level.
                   A        B        C        D        E       F      G
               +--------+--------+--------+--------+--------+-----+--------+
         Total |   6891 |   6320 |    571 |   1178 |      0 |  21 |  328.1 |
       Dungeon |   5540 |   5000 |    540 |   1178 |      0 |  12 |  461.7 |
        Temple |     22 |     12 |     10 |      0 |      0 |   1 |   22.0 |
          Lair |    766 |    757 |      9 |      0 |      0 |   4 |  191.5 |
         Swamp |    252 |    252 |      0 |      0 |      0 |   2 |  126.0 |
  Orcish Mines |    101 |     90 |     11 |      0 |      0 |   1 |  101.0 |
        Bailey |    208 |    208 |      0 |      0 |      0 |   1 |  208.0 |
               +--------+--------+--------+--------+--------+-----+--------+

Top non-repeatable levels by time:
     D:3: 1278 daAuts
    D:11: 1060 daAuts
     D:7: 574 daAuts
     D:9: 491 daAuts
     D:4: 471 daAuts
     D:6: 458 daAuts
  Lair:2: 379 daAuts
     D:5: 378 daAuts
    D:12: 255 daAuts
     D:8: 242 daAuts
 Swamp:1: 233 daAuts
  Bailey: 208 daAuts
    D:10: 205 daAuts
  Lair:1: 146 daAuts
  Lair:3: 122 daAuts
